 Dungeon Crawl Stone Soup version 0.28.0-43-g3370ac3207 (webtiles) character file.

Game seed: 9237155093948367826

80 sanboga the Covered (level 4, -3/29 HPs)
             Began as a Gargoyle Fighter on Mar 2, 2022.
             Slain by Crazy Yiuf
             ... wielding a +3 quarterstaff of chaos
              (10 damage)
             ... while paralysed by Crazy Yiuf
             ... on level 2 of the Dungeon.
             The game lasted 00:01:42 (1153 turns).

sanboga the Covered (Gargoyle Fighter)              Turns: 1153, Time: 00:01:43

Health: -3/29      AC: 10    Str: 22    XL:     4   Next: 39%
Magic:  4/4        EV:  2    Int:  8    God:
Gold:   51         SH:  0    Dex:  9    Spells: 3/3 levels left

rFire   . . .      SeeInvis .   a - +1 war axe
rCold   . . .      Faith    .   c - +0 buckler
rNeg    + . .      Spirit   .   b - +0 scale mail
rPois   ∞          Reflect  .   (no helmet)
rElec   +          Harm     .   (no cloak)
rCorr   .          Rampage  .   (no gloves)
Will    .....                   (no boots)
Stlth   ..........              g - amulet of regeneration
HPRegen 0.89/turn               (no ring)
MPRegen 0.09/turn               (no ring)

@: paralysed, hasted
A: sickness immunity, AC +3, negative energy resistance 1, electricity
resistance, torment resistance 1, petrification resistance
a: no special abilities


You were on level 2 of the Dungeon.
You visited 1 branch of the dungeon, and saw 2 of its levels.

You collected 51 gold pieces.

Inventory:

Hand Weapons
 a - a +1 war axe (weapon)
Armour
 b - a +0 scale mail (worn)
 c - a +0 buckler (worn)
Jewellery
 g - an amulet of regeneration (around neck)
Scrolls
 i - a scroll of noise {unknown}
 k - a scroll of teleportation {unknown}
 m - a scroll of blinking {unknown}
Potions
 d - a potion of might
 e - 2 potions of curing {unknown}
 f - 2 potions of lignification {unknown}
 h - a potion of invisibility {unknown}


   Skills:
 + Level 3.8 Fighting
 * Level 2.9 Axes
 + Level 3.8 Armour
 + Level 3.8 Shields


You had 3 spell levels left.
You didn't know any spells.
Your spell library was empty.

Dungeon Overview and Level Annotations

Branches:
Dungeon (2/15)

Altars:

Annotations:
D:2 Crazy Yiuf


Innate Abilities, Weirdness & Mutations

You are immune to sickness and miasma.
Your stone body is resilient. (AC +3)
You are immune to poison.
You resist negative energy. (rN+)
You are resistant to electric shocks. (rElec)
You are resistant to unholy torment.
You are immune to petrification.


Message History

You closely miss the gnoll. You hit the gnoll.
The gnoll hits you but does no damage. x2
You slash the gnoll!
You kill the gnoll!
You barely miss the gnoll. The gnoll hits you with a +0 spear. x2
The gnoll barely misses you.
Things that are here:
a +1 halberd of pain; a gnoll corpse You hit the gnoll.
The gnoll is almost dead.
The gnoll hits you with a +0 spear!
You slash the gnoll!
You kill the gnoll!
Things that are here:
a +0 spear; a gnoll corpse
Things that are here:
a +1 halberd of pain; a gnoll corpse You start resting.
HP restored.
Crazy Yiuf shouts!
You open the door. You slash Crazy Yiuf!
Crazy Yiuf is severely wounded.
Crazy Yiuf whimpers, "Island meccalolo snockshim!"
Crazy Yiuf closely misses you.
You completely miss Crazy Yiuf.
Crazy Yiuf is severely wounded.
Crazy Yiuf hits you with a +3 quarterstaff of chaos!
Crazy Yiuf burns you.
Crazy Yiuf hits you with a +3 quarterstaff of chaos.
You suddenly lose the ability to move!
Crazy Yiuf says, "Race!"
Crazy Yiuf hits you with a +3 quarterstaff of chaos!
* * * LOW HITPOINT WARNING * * *
Crazy Yiuf says, "Lugonu!"
Crazy Yiuf hits you but does no damage. Crazy Yiuf hits you but does no damage.
You feel yourself speed up.
Crazy Yiuf says, "Lugonu high agre!"
Crazy Yiuf hits you with a +3 quarterstaff of chaos!
You die...

..#.......######.##........#
..>..#....####.............#
...............####........#
.......>######## ##########
......### #####..###♣♣♣♣♣
##.##.♣.♣.♣♣♣ ###
#.......♣..♣#...#
#......♣♣♣♣@g...# ##.#..♣♣
♣♣#..)# ####♣♣ ###


You could see Crazy Yiuf.

Vanquished Creatures
  An adder (D:2)
  4 gnolls (D:2)
  A dart slug (D:2)
  2 endoplasms (D:1)
  6 hobgoblins (D:2)
  A jackal (D:2)
  2 kobolds (D:1)
  A quokka (D:2)
  6 ball pythons
  A bat (D:2)
  5 goblins
  A rat (D:2)
31 creatures vanquished.

Notes
Turn   | Place    | Note
-------+----------+-------------------------------------------
     0 | D:1      | sanboga the Gargoyle Fighter began the quest for the Orb.
     0 | D:1      | Reached XP level 1. HP: 14/14 MP: 1/1
   476 | D:1      | Reached XP level 2. HP: 18/19 MP: 2/2
   563 | D:1      | Found a faded altar of an unknown god.
   912 | D:2      | Reached XP level 3. HP: 23/23 MP: 3/3
   979 | D:2      | Found a runed translucent door.
   980 | D:2      | Noticed Crazy Yiuf
  1097 | D:2      | Reached XP level 4. HP: 28/29 MP: 4/4
  1149 | D:2      | Paralysed by Crazy Yiuf for 7 turns
  1153 | D:2      | Slain by Crazy Yiuf

Illustrated notes

Levels and vault maps discovered:
D:1:      dpeg_arrival_fog, layout_loops_ring, chequers_ecumenical_altar_simple
D:2:      layout_rooms, minmay_joined_circles, uniq_crazy_yiuf_cottage

Skill      XL: |  1 |
---------------+----+-----
Axes           | 2 |  2.9
Fighting       | |  3.8
Armour         | |  3.8
Shields        | |  3.8

Action                   |  1- 3 |  4- 6 || total
-------------------------+-------+-------++-------
Melee: War axe           |    75 |     7 ||    82
  Use: Scroll            |     2 |       ||     2
Armor: Scale mail        |    58 |     7 ||    65
Dodge: Dodged            |    40 |     6 ||    46
Block: Buckler           |    13 |       ||    13
